 Dungeon Crawl Stone Soup version 0.31.0-9-g3a7656b989 (webtiles) character file.

Game seed: 14768902202484554382

578 Majang the Chopper (level 7, 0/56 HPs)
             Began as a Formicid Fighter on Jan 31, 2024.
             Was an Initiate of Cheibriados.
             Incinerated by a bombardier beetle (3 damage)
             ... with a burning spray
             ... on level 5 of the Dungeon.
             The game lasted 00:20:16 (3406 turns).

Majang the Chopper (Formicid Fighter)               Turns: 3406, Time: 00:20:17

Health: 0/56       AC: 10    Str: 22 (23) XL:     7   Next: 62%
Magic:  7/7        EV:  9    Int:  7 (9)  God:    Cheibriados [......]
Gold:   258        SH:  5    Dex: 11 (14) Spells: 6/6 levels left

rFire   . . .        a - +1 war axe
rCold   . . .        c - +0 buckler
rNeg    . . .        w - +2 scale mail {rPois}
rPois   +            (helmet unavailable)
rElec   .            (no cloak)
rCorr   .            n - +0 pair of gloves
SInv    +            (no boots)
Will    .....        (no amulet) Stlth
                     (no ring)
HPRegen 0.29/turn    (no ring)
MPRegen 0.10/turn

%: no passive effects
@: on fire, glowing, invisible (but backlit and visible), very slow
A: permanent stasis, dig shafts and tunnels, antennae 3, four strong arms
a: Dig, Shaft Self, Renounce Religion


You were on level 5 of the Dungeon.
You worshipped Cheibriados.
Cheibriados was noncommittal.
You visited 2 branches of the dungeon, and saw 6 of its levels.

You collected 258 gold pieces.

Inventory:

Hand Weapons
 a - a +1 war axe (weapon)
 b - a +0 shortbow
 d - a +2 mace of holy wrath
Armour
 c - a +0 buckler (worn)
 h - +0 fire dragon scales
 n - a +0 pair of gloves (worn)
 w - a +2 scale mail of poison resistance (worn)
Jewellery
 i - a ring of wizardry
Talismans
 v - a flux talisman
Wands
 m - a wand of flame (9)
 p - a wand of roots (10)
Scrolls
 f - a scroll of fog
 s - 3 scrolls of revelation
Potions
 e - a potion of lignification
 j - a potion of attraction {unknown}
 k - 2 potions of invisibility
 l - a potion of resistance {unknown}
 r - a potion of mutation {unknown}
 u - a potion of degeneration
 x - a potion of haste {unknown}
 z - a potion of cancellation {unknown}


   Skills:
 + Level 5.1 Fighting
 * Level 5.6 Axes
 * Level 2.0 Ranged Weapons
 + Level 3.7 Armour
 + Level 1.1 Dodging
 + Level 4.6 Shields
 + Level 0.5 Invocations
 + Level 1.1 Evocations


You had 6 spell levels left.
You didn't know any spells.
Your spell library contained the following spells:

 Spells                   Type           Power      Damage    Failure   Level
 Necrotise                Necr           0%         1d4       82%         1
 Slow                     Hex            0%         N/A       82%         1
 Lesser Beckoning         Tloc           0%         N/A       91%         2
 Momentum Strike          Conj/Tloc      0%         3d8       91%         2
 Static Discharge         Conj/Air       0%         3-3/arc   91%         2
 Vampiric Draining        Necr           0%         2d6       99%         3
 Airstrike                Air            0%         2d(0-16)  100%        4
 Animate Armour           Summ/Erth      0%         N/A       100%        4
 Cause Fear               Hex            0%         N/A       100%        4
 Martyr's Knell           Necr/Summ      0%         N/A       100%        4
 Summon Lightning Spire   Summ/Air       0%         N/A       100%        4
 Borgnjor's Vile Clutch   Necr/Erth      0%         N/A       100%        5
 Curse of Agony           Necr           0%         N/A       100%        5
 Lee's Rapid Deconstruct  Erth           0%         3d4*      100%        5
 Blink                    Tloc           Unusable   N/A       N/A         2

Dungeon Overview and Level Annotations

Branches:
Dungeon (5/15)             Temple (1/1) D:5

Altars:
Ashenzari
Cheibriados
Dithmenos
Elyvilon
Gozag
Hepliaklqana
Kikubaaqudgha
Okawaru
Sif Muna
Vehumet
Yredelemnul
Zin
The Shining One


Innate Abilities, Weirdness & Mutations

You cannot be hasted, slowed, berserked, paralysed or teleported.
You can dig through walls and to a lower floor.
You have a pair of large antennae on your head. (SInv)
Your four strong arms can wield two-handed weapons with a shield.


Message History

The bombardier beetle sprays incendiary fluid at you.
The burning spray hits you.
You are even more covered in liquid fire!
You slash the bombardier beetle!
You kill the bombardier beetle!
The liquid fire burns you!
* * * LOW HITPOINT WARNING * * *
You feel much better. The liquid fire burns you!
You are on fire!
The liquid fire burns you! The liquid fire burns you!
The liquid fire burns you! The liquid fire burns you!
The liquid fire burns you!
* * * LOW HITPOINT WARNING * * *
The liquid fire burns you!
* * * LOW HITPOINT WARNING * * *
The liquid fire burns you!
* * * LOW HITPOINT WARNING * * *
The liquid fire burns you!
* * * LOW HITPOINT WARNING * * *
You feel much better. The liquid fire burns you! The liquid fire burns you!
The liquid fire burns you! The liquid fire burns you!
* * * LOW HITPOINT WARNING * * *
The liquid fire burns you!
* * * LOW HITPOINT WARNING * * *
The liquid fire burns you!
* * * LOW HITPOINT WARNING * * *
It was a potion of degeneration.
There was something very wrong with that liquid.
You feel weakened.
You feel dopey.
You feel clumsy. The liquid fire burns you!
* * * LOW HITPOINT WARNING * * *
It was a potion of invisibility.
You become transparent, but the glow from your liquid flames prevents you from becoming completely invisible.
The liquid fire burns you!
You die...

###########
######.........#
#....#.#######.#
########..#.#.# #.#
#......@..#.#.#######.##
#.#####.....#.#.......#.
###.....###.#.#######.
!.......# #......#....
##......#####.##.#.##.
#............##.#.###
..................>...
.#..............[.#.##
###.##.####...#.##.#


There were no monsters in sight!

Vanquished Creatures
  A scorpion (D:4)
  A hound (D:5)
  4 bombardier beetles
  2 iguanas
  A sleepcap (D:5)
  Terence (D:2)
  5 adders
  4 gnolls (D:5)
  3 shadow imps
  3 white imps (D:4)
  6 ufetubi (D:4)
  2 dart slugs
  4 ribbon worms
  2 orcs (D:4)
  7 endoplasms
  3 giant cockroaches
  3 goblins
  7 hobgoblins
  4 jackals (D:1)
  6 quokkas
  5 ball pythons
  8 bats
  4 frilled lizards
  11 kobolds
  7 rats
104 creatures vanquished.

Notes
Turn   | Place    | Note
-------+----------+-------------------------------------------
     0 | D:1      | Majang the Formicid Fighter began the quest for the Orb.
     0 | D:1      | Reached XP level 1. HP: 18/18 MP: 1/1
   169 | D:1      | Reached XP level 2. HP: 21/24 MP: 2/2
   729 | D:1      | Reached XP level 3. HP: 28/30 MP: 3/3
  1174 | D:2      | Reached XP level 4. HP: 31/37 MP: 4/4
  1410 | D:2      | Noticed Terence
  1420 | D:2      | Killed Terence
  1533 | D:3      | Reached XP level 5. HP: 43/43 MP: 5/5
  1601 | D:3      | Found a glowing golden altar of the Shining One.
  1601 | D:3      | Found a white marble altar of Elyvilon.
  1747 | D:3      | Got the Parchment of Excavation and the Faeries
  2130 | D:4      | Reached XP level 6. HP: 45/50 MP: 6/6
  2132 | D:4      | Reached skill level 5 in Axes
  2156 | D:4      | Found an ancient bone altar of Kikubaaqudgha.
  2481 | D:4      | Reached skill level 1 in Ranged Weapons
  2669 | D:4      | Reached skill level 5 in Fighting
  2790 | D:4      | Reached XP level 7. HP: 28/56 MP: 7/7
  2992 | D:5      | Entered Level 5 of the Dungeon
  3083 | D:5      | Reached skill level 1 in Dodging
  3185 | D:5      | Found a staircase to the Ecumenical Temple.
  3194 | Temple   | Entered the Ecumenical Temple
  3203 | Temple   | Became a worshipper of Cheibriados the Contemplative
  3303 | D:5      | Reached skill level 1 in Evocations
  3303 | D:5      | Identified the +2 robe of the Leaf {Dex+3}
  3398 | D:5      | HP: 2/56 [burnt (5)]
  3406 | D:5      | Incinerated by a bombardier beetle

Illustrated notes

Levels and vault maps discovered:
D:1:      sevenhm_arrival_forest_fort_small_4, layout_basic, minmay_pentomino_x4
D:2:      layout_basic, uniq_terence
D:3:      layout_rooms, mainiacjoe_overflow_divided_tiny
D:4:      layout_cave_pods, nicolae_kikubaaqudgha_miasma_corner, serial_demonic,
          serial_demonic_d, serial_demonic_f, serial_demonic_b,
          serial_demonic_b, st_stairs_8, kennysheep_opposing_triangles
D:5:      layout_basic, minmay_temple_entry_poolview, grunt_decor_resistance,
          st_stairs_5
Temple:   nicolae_temple_ecumenical_triangle

Skill      XL: |  1  2  3  4  5  6  7 |
---------------+----------------------+-----
Axes           | 3 4 5 |  5.6
Fighting       | 4 5 |  5.1
Ranged Weapons | 1 2 |  2.0
Dodging        | 1 |  1.1
Evocations     | 1 |  1.1
Armour         | |  3.7
Shields        | |  4.6
Invocations    | |  0.5

Action                     |  1- 3 |  4- 6 |  7- 9 || total
---------------------------+-------+-------+-------++-------
  Melee: War axe           |   100 |   145 |    48 ||   293
   Fire: Shortbow          |       |    19 |    13 ||    32
Ability: Dig               |       |       |     1 ||     1
    Use: Potion            |       |     1 |     4 ||     5
         Scroll            |       |    10 |     1 ||    11
 Armour: Scale mail        |    59 |   104 |    34 ||   197
  Dodge: Dodged            |    38 |    91 |    18 ||   147
  Block: Buckler           |    37 |    40 |     6 ||    83
